 Dungeon Crawl Stone Soup version 0.29.1-1-gd02db6906a (webtiles) character file.

Game seed: 10463243393764119770

842 Earthwalker the Covered (level 7, -4/61 HPs)
             Began as a Minotaur Fighter on Oct 8, 2022.
             Was an Initiate of Gozag.
             Slain by Duvessa
             ... wielding a +0 short sword
              (16 damage)
             ... on level 4 of the Dungeon.
             The game lasted 00:15:03 (3685 turns).

Earthwalker the Covered (Minotaur Fighter)          Turns: 3685, Time: 00:15:06

Health: -4/61      AC:  7    Str: 26    XL:     7   Next: 67%
Magic:  6/6        EV: 14    Int:  5    God:    Gozag
Gold:   134        SH:  5    Dex: 12    Spells: 6/6 levels left

rFire   . . .      SeeInvis .   f - +1 spear
rCold   . . .      Faith    .   c - +0 buckler
rNeg    . . .      Spirit   .   b - +0 scale mail
rPois   .          Reflect  .   (helmet restricted)
rElec   .          Harm     .   (no cloak)
rCorr   .          Rampage  .   (no gloves)
Will    .....                   (no boots)
Stlth   +.........              (no amulet)
HPRegen 0.20/turn               n - +6 ring of strength
MPRegen 0.10/turn               r - +4 ring of evasion

@: no status effects
A: horns 2, retaliatory headbutt
a: Renounce Religion, Potion Petition, Call Merchant, Bribe Branch


You were on level 4 of the Dungeon.
You worshipped Gozag.
Gozag was aware of your devotion.
You visited 1 branch of the dungeon, and saw 4 of its levels.

You collected 198 gold pieces.
You paid 64 gold pieces to Gozag.

Inventory:

Hand Weapons
 a - a +0 trident
 f - a +1 spear (weapon)
 k - a +1 vorpal spear
 p - the +3 mace "Loopy" {flame, rElec rF- MP+9 Int+5 Stlth-}
   (You found it on level 2 of the Dungeon)

   It burns those it strikes, dealing additional fire damage.
   Int:       It affects your intelligence (+5).
   rF:        It makes you vulnerable to fire.
   rElec:     It insulates you from electricity.
   MP:        It affects your magic capacity (+9).
   Stlth:     It makes you less stealthy.
Missiles
 e - 10 poisoned darts (quivered)
Armour
 b - a +0 scale mail (worn)
 c - a +0 buckler (worn)
Jewellery
 n - a +6 ring of strength (left hand)
 r - a +4 ring of evasion (right hand)
Wands
 o - a wand of flame (24)
Scrolls
 h - a scroll of teleportation
 s - a scroll of silence {unknown}
Potions
 d - a potion of might
 g - 2 potions of heal wounds
 i - a potion of cancellation
 j - a potion of berserk rage {unknown}
 l - a potion of flight {unknown}
 m - a potion of attraction {unknown}
 q - 2 potions of curing


   Skills:
 * Level 5.0 Fighting
 * Level 6.1 Polearms
 * Level 6.1 Armour
 * Level 2.8 Dodging
 * Level 2.3 Stealth
 * Level 5.3 Shields


You had 6 spell levels left.
You didn't know any spells.
Your spell library contained the following spells:

 Spells                   Type           Power      Damage    Failure   Level
 Summon Small Mammal      Summ           0%         N/A       83%         1
 Call Canine Familiar     Summ           0%         N/A       99%         3
 Summon Guardian Golem    Hex/Summ       0%         N/A       99%         3


Dungeon Overview and Level Annotations

Branches:
Dungeon (4/15)
 Temple: D:4-7

Altars:
Gozag
Xom

Annotations:
D:4 Duvessa


Innate Abilities, Weirdness & Mutations

You have a pair of horns on your head.
You reflexively headbutt those who attack you in melee.


Message History

Duvessa barely misses you. You furiously retaliate!
You headbutt Duvessa, but do no damage. Duvessa barely misses you.
You barely miss Duvessa. You headbutt Duvessa, but do no damage.
Duvessa is moderately wounded.
Duvessa hits you with a +0 short sword!
You hit Duvessa but do no damage.
Duvessa is moderately wounded.
Duvessa closely misses you. You furiously retaliate!
You headbutt Duvessa! You hit Duvessa but do no damage. You headbutt Duvessa.
Duvessa is heavily wounded.
Duvessa closely misses you. Duvessa misses you. You furiously retaliate!
You headbutt Duvessa, but do no damage. You closely miss Duvessa.
Duvessa is heavily wounded.
You block Duvessa's attack.
You closely miss Duvessa.
Duvessa is heavily wounded.
Duvessa hits you with a +0 short sword.
You hit Duvessa. You headbutt Duvessa.
Duvessa is severely wounded.
Duvessa hits you but does no damage.
You hit Duvessa but do no damage.
Duvessa is severely wounded.
Duvessa hits you with a +0 short sword. x2
You hit Duvessa.
Duvessa is severely wounded.
You block Duvessa's attack.
You barely miss Duvessa.
Duvessa is severely wounded.
Duvessa hits you with a +0 short sword.
You hit Duvessa. You headbutt Duvessa, but do no damage.
Duvessa is severely wounded.
Duvessa hits you but does no damage.
You hit Duvessa. You headbutt Duvessa.
Duvessa is almost dead.
Duvessa hits you with a +0 short sword!
* * * LOW HITPOINT WARNING * * *
Duvessa hits you with a +0 short sword!
You die...
Your body crumbles into a pile of gold.

.........# #. #
#........ ...
#.#.......# #.# . .
.........###.# .. ..
#.....>......##.. ...
###..#.##..............
#....#.[รท......##
.....
#...##....[....#......
###.....@e.............
#....####.#............
#......##.###..........
#.........##....>...###
##....#....###.......#
#....###....###.##.....
#....##....####..
##..#.
##...........#..#. ...
#.........)....# #.


You could see Duvessa (berserk).

Vanquished Creatures
  Sigmund (D:4)
  2 black bears (D:4)
  A phantom (D:3)
  A scorpion (D:4)
  Dowan (D:4)
  A gnoll bouda (D:3)
  An orc wizard (D:3)
  Robin (D:2)
  7 adders
  8 gnolls
  An ufetubus (D:3)
  A dart slug (D:1)
  A worm (D:3)
  7 orcs (D:3)
  9 endoplasms
  3 giant cockroaches
  15 goblins
  11 hobgoblins
  3 jackals (D:2)
  3 quokkas
  5 ball pythons (D:1)
  6 bats
  A frilled lizard (D:1)
  5 kobolds
  8 rats
103 creatures vanquished.

Notes
Turn   | Place    | Note
-------+----------+-------------------------------------------
     0 | D:1      | Earthwalker the Minotaur Fighter began the quest for the
                  | Orb.
     0 | D:1      | Reached XP level 1. HP: 19/19 MP: 0/0
   115 | D:1      | Reached XP level 2. HP: 20/27 MP: 1/1
   400 | D:1      | Found a faded altar of an unknown god.
   721 | D:1      | Reached XP level 3. HP: 32/33 MP: 2/2
  1116 | D:2      | Identified the +3 mace "Loopy" {flame, rElec rF- MP+9 Int+5
                  | Stlth-}
  1122 | D:2      | Noticed Robin
  1138 | D:2      | Killed Robin
  1383 | D:2      | Reached XP level 4. HP: 40/40 MP: 3/3
  1559 | D:2      | You fall into a shaft and drop 1 floor!
  1656 | D:3      | Reached skill level 1 in Dodging
  2259 | D:3      | Reached skill level 1 in Stealth
  2259 | D:3      | Reached XP level 5. HP: 46/46 MP: 4/4
  2870 | D:4      | Noticed a phantom
  2927 | D:3      | Killed a phantom
  2928 | D:3      | Reached skill level 5 in Armour
  2928 | D:3      | Reached XP level 6. HP: 52/53 MP: 5/5
  2989 | D:4      | Reached skill level 5 in Polearms
  2991 | D:4      | Noticed Sigmund
  3237 | D:4      | Killed Sigmund
  3238 | D:4      | Reached skill level 5 in Shields
  3238 | D:4      | Reached XP level 7. HP: 49/60 MP: 6/6
  3434 | D:4      | Found an opulent altar of Gozag.
  3437 | D:4      | Found a shimmering altar of Xom.
  3449 | D:4      | Became a worshipper of Gozag Ym Sagoz the Greedy
  3514 | D:4      | Noticed Dowan
  3543 | D:4      | Killed Dowan
  3544 | D:4      | Reached skill level 5 in Fighting
  3552 | D:4      | Noticed Duvessa
  3685 | D:4      | Slain by Duvessa

Illustrated notes

Levels and vault maps discovered:
D:1:      dpeg_arrival_leaves_temple_mockup, layout_basic,
          hellmonk_ecumenical_altar_run_dry, minmay_misc_feat_nine_boxes,
          minmay_splitting_lines
D:2:      layout_loops_ring, uniq_robin
D:3:      layout_loops_ring
D:4:      layout_cave_pools, chequers_temple_overflow_statue_of_worship,
          uniq_sigmund, uniq_duvessa, uniq_eustachio

Skill      XL: |  1  2  3  4  5  6  7 |
---------------+----------------------+-----
Shields        | 4 5 |  5.3
Armour         | 4 5 6 |  6.1
Polearms       | 3 4 5 6 |  6.1
Fighting       | 4 5 |  5.0
Dodging        | 1 2 |  2.8
Stealth        | 1 2 |  2.3

Action                   |  1- 3 |  4- 6 |  7- 9 || total
-------------------------+-------+-------+-------++-------
Melee: Trident           |    14 |       |       ||    14
       Spear             |    92 |   159 |    56 ||   307
       Headbutt          |    14 |    23 |    14 ||    51
  Use: Scroll            |       |     9 |       ||     9
Armor: Scale mail        |    46 |    41 |     8 ||    95
Dodge: Dodged            |    36 |    78 |    26 ||   140
Block: Buckler           |    21 |    23 |    14 ||    58
